 Dungeon Crawl Stone Soup version 0.27-a0-1565-gad902ab807 (webtiles) character file.

Game seed: 10551111307210921663

57380 bilbop the Covert (level 15, -3/93 HPs)
             Began as a Kobold Summoner on July 16, 2021.
             Was a High Priest of Dithmenos.
             Killed from afar by a bog body (39 damage)
             ... with a bolt of cold
             ... on level 1 of the Swamp on July 17, 2021.
             The game lasted 03:24:52 (26954 turns).

bilbop the Covert (Kobold Summoner)                Turns: 26954, Time: 03:24:52

Health: -3/93      AC: 13    Str:  7    XL:     15   Next: 25%
Magic:  24/37      EV: 22    Int: 26    God:    Dithmenos [*****.]
Gold:   695        SH:  0    Dex: 17    Spells: 20/33 levels left

rFire    . . .     SeeInvis .   a - +4 dagger (venom)
rCold    . . .     Faith    .   (shield restricted)
rNeg     . . .     Spirit   .   C - +2 robe {Archmagi}
rPois    +         Reflect  .   (no helmet)
rElec    .         Harm     .   m - +2 cloak {rPois}
rCorr    .         Rampage  .   f - +2 pair of gloves
Will     +....     Archmagi +   F - +2 pair of boots Stlth *+++++++++
                                z - amulet of regeneration
HPRegen  1.25/turn              e - +6 ring of intelligence
MPRegen  0.25/turn              q - ring of magical power

@: wreathed by umbra
A: small, no large weapons, nightstalker 3
a: Renounce Religion, Shadow Step, Shadow Form


You were on level 1 of the Swamp.
You worshipped Dithmenos.
Dithmenos was extremely pleased with you.
You visited 4 branches of the dungeon, and saw 19 of its levels.
You also visited: Sewer.

You collected 1004 gold pieces.
You spent 309 gold pieces at shops.

Inventory:

Hand Weapons
 a - a +4 dagger of venom (weapon)
 b - a +0 arbalest
 R - a +2 dagger of protection
Missiles
 A - 98 bolts
 U - 8 curare-tipped darts
Armour
 f - a +2 pair of gloves (worn)
 m - a +2 cloak of poison resistance (worn)
 C - a +2 robe of the Archmagi (worn)
 F - a +2 pair of boots (worn)
 J - a scarf of invisibility
 N - a scarf of resistance
 P - a +0 kite shield
Jewellery
 e - a +6 ring of intelligence (left hand)
 i - an amulet of faith
 q - a ring of magical power (right hand)
 y - a +6 ring of intelligence
 z - an amulet of regeneration (around neck)
 M - an amulet of the acrobat
 S - a ring of protection from cold
 T - a +6 ring of strength
 X - a ring of willpower
Wands
 n - a wand of digging (21)
 r - a wand of iceblast (38)
 D - a wand of flame (42)
 E - a wand of charming (9)
 W - a wand of acid (8)
 Z - a wand of mindburst (14)
Scrolls
 c - 4 scrolls of teleportation
 h - 2 scrolls of magic mapping
 p - a scroll of immolation {unknown}
 s - 4 scrolls of fog
 t - 6 scrolls of amnesia
 u - 2 scrolls of brand weapon {unknown}
 w - 3 scrolls of fear
 x - a scroll of vulnerability {unknown}
 K - a scroll of silence {unknown}
 L - 2 scrolls of summoning {unknown}
 Q - a scroll of holy word {unknown}
 Y - 2 scrolls of identify
Potions
 g - 2 potions of cancellation {unknown}
 j - 2 potions of flight {unknown}
 k - 7 potions of might
 l - 2 potions of brilliance {unknown}
 o - a potion of curing
 v - 3 potions of invisibility
 B - 2 potions of magic {unknown}
 G - 3 potions of lignification {unknown}
 H - 2 potions of attraction {unknown}
 I - a potion of berserk rage {unknown}
 O - a potion of haste {unknown}
 V - 2 potions of ambrosia {unknown}


   Skills:
 + Level 10.4 Fighting
 + Level 12.1 Short Blades
 + Level 10.4 Crossbows
 - Level 1.8 Armour
 + Level 11.6 Dodging
 + Level 13.3 Stealth
 + Level 9.9 Spellcasting
 + Level 10.4 Summonings
 + Level 7.6 Invocations


You had 20 spell levels left.
You knew the following spells:

 Your Spells              Type           Power      Damage    Failure   Level
a - Summon Small Mammal   Summ           100%       N/A       1%          1
b - Call Imp              Summ           79%        N/A       1%          2
c - Call Canine Familiar  Summ           79%        N/A       1%          3
d - Summon Lightning Spi  Summ/Air       56%        N/A       5%          4
e - Summon Guardian Gole  Hex/Summ       56%        N/A       1%          3

Your spell library contained the following spells:

 Spells                   Type           Power      Damage    Failure   Level
 Foxfire                  Conj/Fire      76%        2x1d7     4%          1
 Magic Dart               Conj           76%        1d6       4%          1
 Animate Armour           Summ/Erth      100%       N/A       5%          4
 Searing Ray              Conj           38%        3d4       7%          2
 Conjure Flame            Conj/Fire      19%        6-21      14%         3
 Dazzling Flash           Conj/Hex       38%        N/A       14%         3
 Ignite Poison            Fire/Tmut/Pois 19%        N/A       14%         3
 Inner Flame              Hex/Fire       19%        N/A       14%         3
 Stone Arrow              Conj/Erth      38%        3d9       14%         3
 Fulminant Prism          Conj/Hex       9%         3d7       43%         4
 Iskenderun's Mystic Bla  Conj/Tloc      19%        2d6       43%         4
 Sticky Flame             Conj/Fire      19%        2d4       43%         4
 Starburst                Conj/Fire      9%         8x6d5     100%        6
 Lehudib's Crystal Spear  Conj/Erth      9%         10d4      100%        8


Dungeon Overview and Level Annotations

Branches:
Dungeon (11/15)            Temple (1/1) D:5            Lair (6/6) D:9
  Swamp (1/4) Lair:3       Spider (0/4) Lair:3        Slime (0/5) Lair:6
    Orc (0/2) D:11          Sewer (visited)

Altars:
Ashenzari
Cheibriados
Dithmenos
Elyvilon
Fedhas
Gozag
Hepliaklqana
Kikubaaqudgha
Makhleb
Nemelex Xobeh
Okawaru
Qazlal
Ru
Sif Muna
Trog
Uskayaw
Vehumet
Wu Jian
Xom
Yredelemnul
Zin
The Shining One
Lugonu

Shops:
D:2 ?   D:7 !   D:10 [

Portals:
Abyss: Lair:6
Trove: D:10 (give +2 gold dragon scales)

Annotations:
D:8 2 runed translucent doors
Lair:5 3 runed translucent doors, Buess's ghost, journeyman DjFE


Innate Abilities, Weirdness & Mutations

You are small and have problems with some larger weapons.
You are completely attuned to the shadows.


Message History

Moving in this stuff is going to be slow.
As you read the scroll of blinking, it crumbles to dust.
You enter the shallow water.
Moving in this stuff is going to be slow.
A bog body is nearby!
What are your orders? t - Shout!
Orders for allies: a - Attack new target. r - Retreat! s - Stop attacking. g - Guard the area. f - Follow me.
Anything else - Cancel.
Gang up on whom?
Press: ? - help, Dir - move target, f - bog body
Aim: a bog body (moderately damaged) Attack!
Casting: Call Canine Familiar (safe; 1% risk of failure)
Confirm with . or Enter, or press ? or * to list all spells.
You feel a surge of power!
An electric hum fills the air.
Your warg closely misses the bog body.
Your crimson imp barely misses the bog body.
The bog body casts a spell at you.
Your crimson imp resists with some effort.
You are too injured to fight recklessly!
You are too injured to fight recklessly!
Casting: Summon Lightning Spire (dangerous; 5% risk of failure)
Confirm with . or Enter, or press ? or * to list all spells.
You feel a surge of power!
A beastly little devil appears in a puff of flame.
Your warg bites the bog body.
Your crimson imp closely misses the bog body.
The bog body touches your crimson imp!
Your crimson imp dies!
Casting: Call Imp (safe; 1% risk of failure)
Confirm with . or Enter, or press ? or * to list all spells.
You feel a surge of power!
A beastly little devil appears in a puff of flame.
Your warg bites the bog body!
The bog body points at you and mumbles some strange words.
The bolt of cold hits you!!!
You die...

♣♣ .♣ ♣♣≈≈≈≈.♣ .♣♣
♣♣♣♣..≈≈≈.≈ [.♣
..§..≈§.≈≈ ≈.♣♣
♣..≈≈.≈≈≈.♣≈. ♣..♣♣♣
.≈≈≈.>..≈†≈≈. .....♣♣
♣.♣.≈≈♣5≈♣§≈♣..♣≈
.§≈.§.♣♣.....≈..≈5.§≈≈≈≈≈
..≈.≈.≈≈..≈≈≈..♣@.8♣≈≈.≈♣
...≈....≈.≈≈≈.♣♣♣..≈.≈≈.♣
≈.........≈≈..♣ ♣♣.≈.≈)♣
≈.###.###.≈≈≈♣♣ ♣(.h≈.♣
.≈#.....#....♣ ♣♣.n♣.♣
..#.....#.≈.♣♣ ♣≈≈♣.♣
♣.≈.....#..♣♣ ♣.≈≈≈♣
♣..[.≈§.#..♣ ♣≈≈≈.♣
♣♣.≈.≈..#..♣ ♣≈≈♣.♣


You could see a bog body (ally target), a friendly warg (summoned), a friendly
lightning spire (summoned) and 2 friendly crimson imps.

Vanquished Creatures
  2 hydras
  Erolcha (D:10)
  2 catoblepae (Lair:5)
  A boulder beetle (D:9)
  A two-headed ogre (D:10)
  2 thrashing horrors (Lair:6)
  A death yak (Lair:2)
  Nergalle (D:10)
  3 spriggans
  A goliath frog (Swamp:1)
  A bog body (Swamp:1)
  A lindwurm (Lair:5)
  A salamander (shapeshifter) (Lair:6)
  7 elephants
  A smoke demon (Lair:6)
  9 cane toads
  8 black mambas
  A gargoyle (D:10)
  2 rime drakes (Lair:3)
  7 komodo dragons
  A troll (D:11)
  3 tyrant leeches
  3 hornets
  2 polar bears
  24 blink frogs
  6 dream sheep (Lair:6)
  A small abomination (Lair:6)
  A ynoxinul (Lair:6)
  A wraith (D:10)
  30 yaks
  2 basilisks
  3 wyverns
  A vampire mosquito (D:11)
  A chaos spawn (Lair:6)
  3 wargs (D:11)
  Menkaure (D:6)
  An acid dragon (D:9)
  A swamp worm (Swamp:1)
  12 water moccasins
  Duvessa (D:6)
  3 black bears
  19 wolves
  A centaur (D:10)
  A scorpion (D:6)
  10 bullfrogs
  Dowan (D:6)
  6 killer bees
  2 howler monkeys (D:8)
  A centaur zombie (D:8)
  A centaur skeleton (D:4)
  2 hounds (D:6)
  An iguana (D:6)
  5 orc wizards
  6 adders
  4 river rats (Sewer)
  A shadow imp (D:7)
  An adder skeleton (D:4)
  3 dart slugs
  7 orcs
  3 ball pythons
  6 endoplasms
  A giant cockroach (D:3)
  4 goblins
  4 hobgoblins
  3 kobolds
  A quokka (D:3)
  2 bats
  A frilled lizard (Sewer)
  8 rats
259 creatures vanquished.

Vanquished Creatures (collateral kills)
  A tentacled monstrosity (Swamp:1)
  3 hydras
  An alligator (Swamp:1)
  2 two-headed ogres
  A thrashing horror (Lair:6)
  6 death yaks
  Sonja (Lair:3)
  2 ugly things (Lair:6)
  14 elephants
  2 smoke demons (Lair:6)
  Maggie (Lair:1)
  3 cane toads
  A large abomination (Lair:6)
  3 rime drakes
  3 komodo dragons
  3 ancient zymes (Lair:6)
  A troll (D:11)
  Grinder (D:6)
  11 blink frogs
  Sigmund (D:5)
  A redback (Lair:3)
  33 yaks
  A basilisk (Lair:6)
  A wraith (D:11)
  3 wyverns
  2 vampire mosquitoes (D:11)
  3 acid dragons
  16 water moccasins
  2 orc warriors
  3 black bears
  A necrophage (D:4)
  8 wolves
  A centaur (D:9)
  A phantom (D:3)
  A gnoll sergeant (D:11)
  5 bullfrogs
  2 scorpions
  A water moccasin skeleton (D:6)
  4 killer bees (D:9)
  2 electric eels
  9 small abominations (Lair:6)
  A bullfrog zombie (D:6)
  4 jellies
  4 centaur zombies
  2 centaur skeletons
  Natasha (thrice) (D:2)
  Terence (D:2)
  9 orc wizards
  A killer bee zombie (D:7)
  A hound zombie (D:5)
  5 gnolls (D:11)
  2 adders
  An adder skeleton (D:5)
  3 worms
  28 orcs
  7 ball pythons
  3 bats
  3 endoplasms
  A giant cockroach (D:4)
  7 hobgoblins
  A quokka (D:1)
  7 frilled lizards
  4 kobolds
  A rat (D:4)
260 creatures vanquished.

Vanquished Creatures (others)
  A hydra (Lair:6)
  A death yak (Lair:3)
  A black mamba (Lair:6)
  A komodo dragon (Lair:6)
  4 dream sheep (Lair:6)
  A blink frog (Lair:6)
  A chaos spawn (Lair:6)
  2 water moccasins (Lair:6)
  4 small abominations (Lair:6)
  An endoplasm (Lair:6)
  67 fungi
  74 plants
158 creatures vanquished.

Grand Total: 677 creatures vanquished

Notes
Turn   | Place    | Note
-------+----------+-------------------------------------------
     0 | D:1      | bilbop the Kobold Summoner began the quest for the Orb.
     0 | D:1      | Reached XP level 1. HP: 10/10 MP: 3/3
   337 | D:1      | Reached XP level 2. HP: 15/15 MP: 0/5
  1018 | D:1      | Reached skill level 3 in Stealth
  1355 | D:2      | Reached skill level 1 in Fighting
  1355 | D:2      | Reached skill level 1 in Short Blades
  1355 | D:2      | Reached XP level 3. HP: 20/20 MP: 6/6
  1489 | D:2      | Learned a level 2 spell: Call Imp
  1504 | D:2      | Noticed Terence
  1505 | D:2      | Found Veoth's Magic Scroll Emporium.
  1522 | D:2      | Killed Terence
  1759 | D:2      | Bought a scroll of identify for 28 gold pieces
  1889 | D:2      | Reached XP level 4. HP: 25/25 MP: 7/7
  1998 | D:2      | Noticed Natasha
  2014 | D:2      | Killed Natasha
  2232 | D:2      | Noticed Natasha
  2238 | D:2      | Killed Natasha
  2333 | D:2      | Noticed Natasha
  2339 | D:2      | Killed Natasha
  2748 | D:2      | Found Veoth's Magic Scroll Emporium.
  2984 | D:3      | Learned a level 3 spell: Call Canine Familiar
  3058 | D:3      | Reached XP level 5. HP: 29/29 MP: 9/9
  3147 | D:3      | Noticed a phantom
  3168 | D:3      | Killed a phantom
  3218 | D:3      | You fall into a shaft and drop 1 floor!
  3317 | D:4      | Found a shimmering blue altar of Sif Muna.
  3518 | D:3      | Found a faded altar of an unknown god.
  3603 | D:3      | Found a snail-covered altar of Cheibriados.
  3626 | D:3      | Reached skill level 4 in Stealth
  3736 | D:4      | Found a glowing drain.
  3754 | Sewer    | Entered a sewer
  4090 | Sewer    | Reached XP level 6. HP: 35/35 MP: 10/10
  4367 | D:4      | Found a glowing silver altar of Zin.
  4367 | D:4      | Found a glowing golden altar of the Shining One.
  4369 | D:4      | Found a white marble altar of Elyvilon.
  4497 | D:4      | Found a sacrificial altar of Ru.
  5016 | D:5      | Entered Level 5 of the Dungeon
  5020 | D:5      | Noticed a necrophage
  5040 | D:4      | Killed a necrophage
  5233 | D:5      | Noticed a black bear
  5268 | D:5      | Killed a black bear
  5269 | D:5      | Reached XP level 7. HP: 25/40 MP: 10/12
  5593 | D:5      | Found a staircase to the Ecumenical Temple.
  5609 | Temple   | Entered the Ecumenical Temple
  6004 | D:5      | Found an ornate altar of the Wu Jian Council.
  6033 | D:5      | Noticed Sigmund
  6045 | D:5      | Killed Sigmund
  6046 | D:5      | Reached skill level 5 in Stealth
  6046 | D:5      | Reached skill level 5 in Summonings
  6557 | D:6      | Noticed Grinder
  6613 | D:6      | Killed Grinder
  6637 | D:6      | Reached skill level 1 in Armour
  6637 | D:6      | Reached XP level 8. HP: 43/46 MP: 11/13
  6907 | D:6      | Noticed Duvessa
  7053 | D:6      | Found a broken altar of Ashenzari.
  7087 | D:6      | Noticed Dowan
  7098 | D:6      | Killed Dowan
  7101 | D:6      | Killed Duvessa
  7102 | D:6      | Reached skill level 5 in Dodging
  7554 | D:6      | Reached skill level 6 in Stealth
  7696 | D:6      | Noticed Menkaure
  7698 | D:6      | Killed Menkaure
  7905 | D:7      | Reached skill level 5 in Short Blades
  7931 | D:7      | Found a shadowy altar of Dithmenos.
  8037 | D:7      | Found a burning altar of Makhleb.
  8037 | D:7      | Found a hazy altar of Hepliaklqana.
  8037 | D:7      | Found a radiant altar of Vehumet.
  8105 | D:7      | Reached XP level 9. HP: 52/52 MP: 15/15
  8183 | D:7      | Found Qofudug's Distillery.
  8352 | D:7      | Bought a potion of curing for 33 gold pieces
  8523 | D:7      | Reached skill level 1 in Crossbows
  8858 | D:7      | Identified the +5 falchion of Pousmoma {flame, Str+2 Int+4}
  9435 | D:8      | Reached skill level 5 in Spellcasting
  9667 | D:8      | Reached skill level 7 in Stealth
  9688 | D:8      | Identified the +1 robe of Winter {Harm rElec rC++}
 10352 | D:8      | Found a large runed translucent door.
 10353 | D:8      | Found a large runed translucent door.
 10523 | D:9      | Noticed a two-headed ogre
 10594 | D:9      | Reached skill level 5 in Fighting
 10755 | D:9      | Reached XP level 10. HP: 59/59 MP: 18/18
 10854 | D:9      | Found a staircase to the Lair.
 11000 | D:9      | Noticed a boulder beetle
 11029 | D:9      | Killed a boulder beetle
 11030 | D:9      | Reached skill level 8 in Stealth
 11693 | D:9      | Found a blossoming altar of Fedhas.
 12002 | D:9      | Killed a two-headed ogre
 12169 | D:9      | Found a staircase to the Lair.
 12400 | D:9      | Found a blossoming altar of Fedhas.
 12585 | D:10     | Entered Level 10 of the Dungeon
 12731 | D:10     | Noticed Erolcha
 12749 | D:10     | Killed Erolcha
 12750 | D:10     | Reached skill level 5 in Crossbows
 12822 | D:10     | Noticed a two-headed ogre
 12826 | D:10     | Killed a two-headed ogre
 12827 | D:10     | Reached skill level 9 in Stealth
 12827 | D:10     | Reached XP level 11. HP: 66/66 MP: 20/20
 12972 | D:10     | Noticed Nergalle
 12980 | D:10     | Killed Nergalle
 13193 | D:10     | Found Urhusani's Antique Armour Emporium.
 13210 | D:10     | Bought a runed scarf for 248 gold pieces
 13459 | D:10     | Found a portal to a secret trove of treasure.
 14161 | D:7      | Became a worshipper of Dithmenos the Shadowed
 14523 | D:11     | Noticed a five-headed hydra
 14539 | D:11     | Noticed a two-headed ogre
 14650 | D:10     | Learned a level 4 spell: Summon Lightning Spire
 15141 | D:11     | Reached skill level 1 in Invocations
 15276 | D:11     | Killed a two-headed ogre
 15602 | D:11     | Found a staircase to the Orcish Mines.
 15772 | D:11     | Killed a five-headed hydra
 15772 | D:11     | Reached * piety under Dithmenos
 15773 | D:11     | Reached skill level 10 in Stealth
 16067 | Lair:1   | Entered Level 1 of the Lair of Beasts
 16119 | Lair:1   | Reached XP level 12. HP: 72/72 MP: 22/22
 16471 | Lair:1   | Reached ** piety under Dithmenos
 17062 | Lair:1   | Noticed Maggie
 17084 | Lair:1   | Killed Maggie
 17977 | Lair:2   | Reached skill level 11 in Stealth
 17978 | Lair:2   | Noticed a death yak
 17980 | Lair:2   | Noticed a death yak
 17982 | Lair:2   | Noticed a death yak
 17986 | Lair:2   | Noticed a death yak
 18006 | Lair:2   | Killed a death yak
 18008 | Lair:2   | Killed a death yak
 18020 | Lair:2   | Killed a death yak
 18021 | Lair:2   | Reached XP level 13. HP: 74/79 MP: 12/25
 18059 | Lair:2   | Reached *** piety under Dithmenos
 18060 | Lair:2   | Reached skill level 10 in Short Blades
 18177 | Lair:2   | Learned a level 3 spell: Summon Guardian Golem
 18279 | Lair:2   | Noticed a seven-headed hydra
 18293 | Lair:2   | Killed a seven-headed hydra
 18965 | Lair:2   | Reached skill level 10 in Dodging
 19187 | Lair:3   | Found a hole to the Spider Nest.
 19237 | Lair:3   | Noticed a four-headed hydra
 19252 | Lair:3   | Killed a four-headed hydra
 19383 | Lair:3   | Reached skill level 5 in Invocations
 19515 | Lair:3   | Noticed Sonja
 19525 | Lair:3   | Killed Sonja
 19621 | Lair:3   | Noticed a five-headed hydra
 19630 | Lair:3   | Killed a five-headed hydra
 19662 | Lair:3   | Identified a scroll of acquirement
 19664 | Lair:3   | Acquired a +1 cloak of poison resistance
 19777 | Lair:3   | Found a staircase to the Swamp.
 20490 | Lair:3   | Found a hole to the Spider Nest.
 20745 | Lair:3   | Found a staircase to the Swamp.
 22163 | Lair:5   | Noticed a catoblepas
 22167 | Lair:5   | Killed a catoblepas
 22168 | Lair:5   | Reached skill level 12 in Stealth
 22170 | Lair:5   | Noticed a catoblepas
 22202 | Lair:5   | Killed a catoblepas
 22310 | Lair:5   | Reached XP level 14. HP: 86/86 MP: 27/27
 22547 | Lair:5   | Reached **** piety under Dithmenos
 22681 | Lair:5   | Found a runed translucent gate.
 22699 | Lair:5   | Found a runed translucent gate.
 22700 | Lair:5   | Found a runed translucent gate.
 23432 | Lair:5   | Noticed Buess's ghost (journeyman DjFE)
 23437 | Lair:6   | Entered Level 6 of the Lair of Beasts
 23795 | Lair:6   | Reached ***** piety under Dithmenos
 24084 | Lair:6   | Reached skill level 10 in Summonings
 24551 | Lair:6   | Reached skill level 10 in Fighting
 24704 | Lair:6   | Found a staircase to the Slime Pits.
 24827 | Lair:6   | Reached skill level 10 in Crossbows
 25162 | Lair:6   | Reached skill level 13 in Stealth
 25958 | Lair:6   | Reached XP level 15. HP: 75/92 MP: 20/28
 26035 | Lair:6   | Found a corrupted altar of Lugonu.
 26039 | Lair:6   | Found a one-way gate to the infinite horrors of the Abyss.
 26183 | Swamp:1  | Entered Level 1 of the Swamp
 26797 | Swamp:1  | Identified the +10 flail "Vyot" {freeze, Fragile rPois rN++
                  | Int+4}
 26890 | Swamp:1  | Noticed a tentacled monstrosity
 26905 | Swamp:1  | Killed a tentacled monstrosity
 26954 | Swamp:1  | Killed from afar by a bog body

Illustrated notes

Levels and vault maps discovered:
D:1:      dpeg_arrival_tiny_a, layout_loops_ring, minmay_tall_x
D:2:      layout_basic, serial_shops, shop, uniq_natasha, uniq_terence
D:3:      layout_basic, cheibrodos_worm_habitat, basic_ecumenical_altar
D:4:      layout_loops_ring, good_gods_mini_temple, led_sif_book,
          nicolae_ru_awakened_eye, portal_sewer_entry_a, wad_floor_pattern_2,
          palyth_stone_intersect
D:5:      layout_rooms, mainiacjoe_overflow_tiny_flanked,
          minmay_temple_entry_mini_moons, kennysheep_nondescript, uniq_sigmund
D:6:      layout_loops_cross, nicolae_overflow_crystal_walls, uniq_grinder,
          uniq_duvessa, uniq_menkaure
D:7:      layout_basic, mainiacjoe_overflow_brackets,
          gammafunk_temple_overflow_forgotten, serial_shops,
          nicolae_inconvenience_store, kennysheep_generic_room_9
D:8:      layout_loops_ring, ebering_ghost_disaster_area
D:9:      layout_cave_pools, fedhas_ov_isle_minmay, minmay_lair_entry_grove
D:10:     layout_grid_maze, enter_trove_2, kennysheep_small_circle,
          uniq_erolcha, uniq_nergalle
D:11:     layout_irregular_city, minmay_orc_entry_guard_dogs
Temple:   compressed_dpeg_triangle_lava_temple
Lair:1:   layout_regular_city, uniq_maggie
Lair:2:   layout_regular_city, serial_bayou_shore_a, lemuel_fruit_tree
Lair:3:   layout_gridlike, swamp_mist, spider_nest_entry_webs,
          beast_lair_carwin_8, uniq_sonja
Lair:4:   layout_hall_layers, infiniplex_staircase_pool
Lair:5:   layout_cave_pods, gammafunk_ghost_icy, gauntlet_entry_generic
Lair:6:   hellmonk_lair_end_abyssal_woods, layout_small_grid,
          nicolae_slime_entry_slimehenge, grunt_megastairs_5
Swamp:1:  layout_falls_marsh, evilmike_swamp_ruin_house_2

Skill      XL: |  1  2  3  4  5  6  7  8  9 10 11 12 13 14 15 |
---------------+----------------------------------------------+-----
Stealth        | 3 4 5 6 7 9 10 11 12 13 | 13.3
Fighting       | 1 2 3 4 5 6 7 8 9 10 | 10.4
Short Blades   | 1 2 3 4 5 6 7 9 10 11 12 | 12.1
Dodging        | 3 4 5 6 7 8 9 10 11 | 11.6
Spellcasting   | 3 4 5 6 7 8 9 |  9.9
Summonings     | 5 6 7 8 9 10 | 10.4
Armour         | 1 |  1.8
Crossbows      | 3 5 6 7 9 10 | 10.4
Invocations    | 2 4 5 7 |  7.6

Action                   |  1- 3 |  4- 6 |  7- 9 | 10-12 | 13-15 || total
-------------------------+-------+-------+-------+-------+-------++-------
Melee: Unarmed           |     6 |       |       |       |       ||     6
       Dagger            |    45 |   104 |    60 |   370 |   730 ||  1309
 Fire: Arbalest          |       |       |    15 |    14 |     5 ||    34
 Cast: Summon Small Mamm |    34 |       |       |       |     1 ||    35
       Call Imp          |     5 |    29 |    87 |   186 |   199 ||   506
       Call Canine Famil |       |    17 |    45 |    62 |    68 ||   192
       Summon Lightning  |       |       |       |     7 |    36 ||    43
       Summon Guardian G |       |       |       |       |    11 ||    11
Evoke: Wand              |       |       |     4 |       |       ||     4
  Use: Scroll            |     2 |     1 |    15 |     7 |     7 ||    32
       Potion            |       |       |     1 |     4 |     6 ||    11
 Stab: Sleeping          |    12 |    26 |    15 |    35 |    52 ||   140
       Distracted        |       |       |     2 |    12 |    15 ||    29
Armor: Robe              |    10 |     8 |    12 |    63 |   104 ||   197
       Leather armour    |       |       |    10 |       |       ||    10
Dodge: Dodged            |    49 |    62 |    95 |   336 |   608 ||  1150

Table legend: (Time is in decaauts)
 A = Elapsed time spent in this place.
 B = Non-inter-level travel time spent in this place.
 C = Inter-level travel time spent in this place.
 D = Time resting spent in this place.
 E = Time spent auto-exploring this place.
 F = Levels seen in this place.
 G = Mean time per level.
                   A        B        C        D        E       F      G
               +--------+--------+--------+--------+--------+-----+--------+
         Total |  26537 |  24319 |   2218 |   2567 |  17074 |  20 | 1326.8 |
       Dungeon |  15271 |  13623 |   1648 |   1382 |   9711 |  11 | 1388.3 |
        Temple |    287 |    284 |      3 |      0 |    283 |   1 |  287.0 |
          Lair |  10126 |   9587 |    539 |   1110 |   6664 |   6 | 1687.7 |
         Swamp |    345 |    318 |     27 |     23 |    148 |   1 |  345.0 |
         Sewer |    506 |    506 |      0 |     52 |    266 |   1 |  506.0 |
               +--------+--------+--------+--------+--------+-----+--------+

Top non-repeatable levels by time:
  Lair:3: 2546 daAuts
  Lair:6: 2526 daAuts
     D:9: 1976 daAuts
     D:7: 1747 daAuts
     D:2: 1708 daAuts
  Lair:2: 1650 daAuts
    D:10: 1646 daAuts
    D:11: 1532 daAuts
     D:8: 1347 daAuts
     D:1: 1273 daAuts
  Lair:5: 1267 daAuts
     D:6: 1262 daAuts
  Lair:1: 1137 daAuts
     D:5: 1104 daAuts
     D:4: 1030 daAuts
